 Dungeon Crawl Stone Soup version 0.22-a0-460-g49b1da7 (webtiles) character file.

69874 iamserjio the Cleaver (level 14, -1/113 HPs)
             Began as a Demonspawn Fighter on June 9, 2018.
             Was a Follower of Uskayaw.
             Slain by a shadow wraith (20 damage)
             ... on level 13 of the Dungeon.
             The game lasted 01:02:42 (21829 turns).

iamserjio the Cleaver (Demonspawn Fighter)         Turns: 21829, Time: 01:02:43

Health: -1/113     AC: 18    Str: 25    XL:     14   Next: 92%
Magic:  21/24      EV:  7    Int:  9    God:    Uskayaw [*.....]
Gold:   1293       SH: 18    Dex: 14    Spells: 13/13 levels left

rFire    + . .     SeeInvis .   V - +4 morningstar of the Shark {freeze, +Fly rN+ Str+4}
rCold    + + .     Gourm    .   t - +0 large shield
rNeg     + . .     Faith    .   v - +2 ring mail {rF+}
rPois    .         Spirit   .   b - +1 hat
rElec    +         Reflect  .   I - +1 cloak
rCorr    +         Harm     .   m - +1 pair of gloves
MR       +....                  r - +0 pair of boots
Stlth    +.........             D - amulet of regeneration
HPRegen  0.68/turn              c - ring of protection from cold
MPRegen  0.19/turn              j - ring of resist corrosion

@: slowed, very slow
A: horns 1, yellow scales 1, cold resistance 1, foul stench 1, powered by death
2, electricity resistance, rot immunity
a: Stomp, Renounce Religion, Evoke Flight


You were on level 13 of the Dungeon.
You worshipped Uskayaw.
Uskayaw was pleased with you.
You were hungry.

You visited 2 branches of the dungeon, and saw 19 of its levels.

You collected 1531 gold pieces.
You spent 238 gold pieces at shops.

Inventory:

Hand Weapons
 e - a +0 blowgun
 E - a +0 triple crossbow
 F - the +5 hand axe "Ohujeann" {speed, rPois rF+ rC+ MP+9}
   (You found it on level 2 of the Lair of Beasts)

   Attacks with this weapon are significantly faster.
   It protects you from fire.
   It protects you from cold.
   It protects you from poison.
   It affects your magic capacity (+9).
 N - a +2 vampiric war axe
 R - a +0 broad axe
 T - the +8 whip "Peptoul" {flame, rN+}
   (You found it on level 5 of the Lair of Beasts)

   It has been specially enchanted to burn those struck by it, causing extra
   injury to most foes and up to half again as much damage against particularly
   susceptible opponents.
   It protects you from negative energy.
 V - the +4 morningstar of the Shark (weapon) {freeze, +Fly rN+ Str+4}
   (You found it on level 6 of the Lair of Beasts)

   It has been specially enchanted to freeze those struck by it, causing extra
   injury to most foes and up to half again as much damage against particularly
   susceptible opponents.
   It can also slow down cold-blooded creatures.
   It affects your strength (+4).
   It protects you from negative energy.
   It lets you fly.
Missiles
 h - 3 curare-tipped needles
 z - 8 needles of sleeping
Armour
 b - a +1 hat (worn)
 m - a +1 pair of gloves (worn)
 r - a +0 pair of boots (worn)
 t - a +0 large shield (worn)
 v - a +2 ring mail of fire resistance (worn)
 I - a +1 cloak (worn)
 J - a cursed +0 plate armour
 W - a scarf of cloud immunity
 X - a +2 shield
 Y - the +4 leather armour "Damnable Contraption" {Dex+3}
   (You found it on level 5 of the Lair of Beasts)

   It affects your dexterity (+3).
Jewellery
 c - a ring of protection from cold (left hand)
 j - a ring of resist corrosion (right hand)
 u - an uncursed ring of positive energy
 D - an amulet of regeneration (around neck)
 M - an uncursed ring of see invisible
 S - an uncursed ring of protection from cold
 U - an uncursed ring of poison resistance
 Z - an uncursed amulet of the acrobat
Wands
 d - a wand of clouds (4)
 l - a wand of acid (1)
 q - a wand of polymorph (12)
 w - a wand of iceblast (7)
 C - a wand of flame (18)
Scrolls
 g - 5 scrolls of teleportation
 i - 6 scrolls of enchant weapon
 k - a scroll of blinking
 o - a scroll of fear
 p - 2 scrolls of silence
 y - 5 scrolls of remove curse
 A - a scroll of immolation {unknown}
 G - 3 scrolls of fog
 H - a scroll of summoning
 K - a scroll of holy word
Potions
 a - 2 potions of magic {unknown}
 n - a potion of cancellation {unknown}
 s - 3 potions of haste
 x - 2 potions of heal wounds
 B - 3 potions of flight
 L - a potion of mutation
 O - 3 potions of curing
 P - 2 potions of brilliance
 Q - a potion of lignification
Comestibles
 f - 21 rations


   Skills:
 + Level 11.5 Fighting
 * Level 14.2 Axes
 + Level 10.1 Armour
 + Level 10.7 Shields
 + Level 13.6 Invocations


You had 13 spell levels left.
You didn't know any spells.
Your spell library contained the following spells:

 Spells                   Type           Power        Failure   Level  Hunger
 Magic Dart               Conj           #...         98%         1    ##.....
 Fireball                 Conj/Fire      #.........   100%        5    ######.
 Conjure Flame            Conj/Fire      #.......     100%        3    ####...
 Lightning Bolt           Conj/Air       #.........   100%        5    ######.
 Slow                     Hex            #.......     99%         2    ###....
 Throw Flame              Conj/Fire      #.....       99%         2    ###....
 Freezing Cloud           Conj/Ice/Air   #.........   100%        6    #######
 Mephitic Cloud           Conj/Pois/Air  #.......     100%        3    ####...
 Blink                    Tloc           N/A          99%         2    ###....
 Sticky Flame             Conj/Fire      #.......     100%        4    #####..
 Summon Ice Beast         Ice/Summ       #.......     100%        4    #####..
 Call Imp                 Summ           #.......     99%         2    ###....
 Spider Form              Tmut/Pois      #.........   100%        3    ####...
 Blade Hands              Tmut           #.........   100%        5    ######.
 Ice Form                 Ice/Tmut       #.......     100%        4    #####..
 Flame Tongue             Conj/Fire      #....        98%         1    ##.....
 Sticks to Snakes         Tmut           #.......     99%         2    ###....
 Call Canine Familiar     Summ           #.......     100%        3    ####...
 Summon Butterflies       Summ           #.......     98%         1    ##.....
 Shatter                  Erth           #.........   100%        9    #######
 Static Discharge         Conj/Air       #.......     100%        3    ####...
 Tornado                  Air            #.........   100%        9    #######
 Summon Hydra             Summ           #.........   100%        7    #######
 Inner Flame              Hex/Fire       #.......     100%        3    ####...
 Beastly Appendage        Tmut           #.....       98%         1    ##.....
 Summon Mana Viper        Hex/Summ       #.......     100%        5    ######.
 Irradiate                Conj/Tmut      #.........   100%        5    ######.
 Ignition                 Fire           #.........   100%        8    #######


Dungeon Overview and Level Annotations

Branches:
Dungeon (13/15)            Temple (0/1) D:5            Lair (6/6) D:11
  Swamp (0/4) Lair:4       Spider (0/4) Lair:3        Slime (0/5) Lair:6
    Orc (0/2) D:10         Vaults (0/5) D:13

Altars:
Dithmenos
Kikubaaqudgha
Nemelex Xobeh
Okawaru
Qazlal
Ru
Sif Muna
Uskayaw
Yredelemnul
Zin
Jiyva

Shops:
D:7 (   D:12 !

Portals:
Trove: D:10 (give 14 scrolls of teleportation)


Innate Abilities, Weirdness & Mutations

You have a pair of small horns on your head.
You are partially covered in yellow scales. (AC +2)
You may emit foul miasma when damaged in melee.
You regenerate health from kills.
You are immune to rotting.
Your flesh is cold resistant. (rC+)
You are resistant to electric shocks. (rElec)


Message History

Something hits you but does no damage.
Deactivating autopickup; reactivate with Ctrl-A.
You block the large slime creature's attack.
You puncture the large slime creature! You freeze the large slime creature.
You headbutt the large slime creature.
The large slime creature is moderately wounded.
Something hits you!
* * * LOW HITPOINT WARNING * * *
Something drains your vigour!
You feel yourself slow down.
The large slime creature is engulfed in dark miasma.
The large slime creature hits you!
* * * LOW HITPOINT WARNING * * *
The large slime creature closely misses you.
You stomp with the beat, sending a shockwave through the revelers around you!
The large slime creature is heavily wounded.
The large slime creature is almost dead.
You feel somewhat more hungry.
You can no longer pass through a line of other dancers.
Something hits you!!
You die...

# #############..#......#.######
.. ...............#.####.#().....
.. ...............#.#.∩#)#.......
.. ...............#.#[.#.))).....
# ########.......#.#..#.........
#.......#.##%#.........
#.......#....#.#.......
#.......######.#...†.).
###########....J@..............).
.........).....J...............[)
.†...............................
.††.[[........###################
.†...............................
.................................
#########......................<.
#.############.########## #.# #


You could see 2 large slime creatures.

Vanquished Creatures
  Frances (D:12)
  A fire giant (D:12)
  A frost giant (D:12)
  An ettin (D:12)
  A fire dragon (Lair:6)
  The ghost of Gildeon the Cleaver, a journeyman MiFi of Okawaru (Lair:1)
  Erolcha (D:11)
  9 hydras
  An ice dragon (D:13)
  A catoblepas (Lair:6)
  A two-headed ogre (D:9)
  6 death yaks
  Sonja (Lair:1)
  A fire crab (shapeshifter) (D:13)
  2 unseen horrors
  Pikel (D:9)
  A lindwurm (Lair:6)
  A cyclops (D:13)
  6 manticores
  An ugly thing (D:12)
  A deep elf mage (D:12)
  An oklob plant (Lair:4)
  Maurice (D:9)
  6 elephants (Lair:6)
  7 black mambas
  13 spiny frogs
  A centaur zombie (D:11)
  A gargoyle (D:11)
  6 torpor snails (Lair:6)
  Psyche (D:10)
  A centaur skeleton (D:13)
  8 rime drakes
  8 komodo dragons
  2 ice devils (Lair:1)
  2 polar bears
  Prince Ribbit (D:5)
  7 hornets
  3 trolls
  2 jumping spiders (Lair:3)
  16 blink frogs
  4 tyrant leeches (Lair:6)
  10 hippogriffs
  2 meliai zombies
  13 dream sheep
  A wyvern (Lair:5)
  A vampire (D:12)
  3 redbacks (Lair:3)
  34 yaks
  3 wraiths
  3 basilisks
  3 hungry ghosts
  Menkaure (D:7)
  4 vampire mosquitoes
  A steam dragon (D:11)
  Edmund (D:5)
  An acid dragon (D:12)
  7 porcupines
  9 water moccasins
  7 orc warriors
  2 eyes of draining
  4 sky beasts
  3 black bears
  2 necrophages
  2 ice beasts (D:11)
  2 phantoms
  4 slaves (D:9)
  4 ogres
  11 centaurs
  A wolf (Lair:6)
  11 crocodiles
  2 big kobolds
  16 bullfrogs
  A gnoll sergeant (D:6)
  5 scorpions
  7 killer bees
  5 bullfrog zombies
  A howler monkey (D:6)
  2 quasits
  4 jellies
  11 orc priests
  5 crimson imps
  2 bullfrog skeletons
  A gnoll shaman (D:6)
  6 hounds
  11 orc wizards
  An iguana (D:12)
  Natasha (thrice) (D:2)
  12 worker ants
  3 hound skeletons
  A worker ant zombie (D:10)
  7 adders
  10 gnolls
  5 shadow imps
  An adder skeleton (D:5)
  An adder zombie (D:7)
  3 dart slugs
  5 leopard geckos
  50 orcs
  9 bats
  9 giant cockroaches
  9 goblins
  9 hobgoblins
  8 jackals
  17 kobolds
  3 quokkas
  4 frilled lizards
  A giant cockroach zombie (D:6)
  A leopard gecko zombie (D:8)
  A quokka zombie (D:8)
  6 rats
  3 fungi
542 creatures vanquished.

Vanquished Creatures (others)
  2 orcs (D:13)
  4 fungi
  14 plants
20 creatures vanquished.

Grand Total: 562 creatures vanquished

Notes
Turn   | Place    | Note
-------+----------+-------------------------------------------
     0 | D:1      | iamserjio the Demonspawn Fighter began the quest for the Orb.
     0 | D:1      | Reached XP level 1. HP: 18/18 MP: 1/1
   200 | D:1      | Reached skill level 2 in Axes
   241 | D:1      | Gained mutation: You have a pair of small horns on your head. [demonic ancestry]
   241 | D:1      | Reached XP level 2. HP: 16/24 MP: 2/2
  1196 | D:2      | Found a basalt altar of Yredelemnul.
  1303 | D:2      | Reached XP level 3. HP: 13/29 MP: 3/3
  1816 | D:2      | Found a shadowy altar of Dithmenos.
  1848 | D:2      | Noticed Natasha
  1864 | D:2      | Killed Natasha
  1864 | D:2      | Reached XP level 4. HP: 21/35 MP: 4/4
  1888 | D:2      | Noticed Natasha
  2037 | D:2      | Killed Natasha
  2037 | D:2      | Reached skill level 3 in Axes
  2129 | D:2      | Noticed Natasha
  2136 | D:2      | Killed Natasha
  2758 | D:3      | Gained mutation: You are immune to rotting. [demonic ancestry]
  2758 | D:3      | Reached XP level 5. HP: 41/42 MP: 5/5
  3867 | D:4      | Noticed a dagger
  3867 | D:4      | Noticed a dagger
  3869 | D:4      | Found a hide-covered altar of Uskayaw.
  3884 | D:4      | Became a worshipper of Uskayaw the Reveler
  3920 | D:4      | Found an iron altar of Okawaru.
  3925 | D:4      | Reached * piety under Uskayaw
  3934 | D:4      | Reached ** piety under Uskayaw
  3982 | D:4      | Got an ichor-stained ring mail
  4007 | D:4      | Identified the cursed +1 ring mail of the Bard {Slay+2} (You found it on level 4 of the Dungeon)
  4628 | D:4      | Noticed a phantom
  4660 | D:4      | Killed a phantom
  4660 | D:4      | Reached skill level 4 in Axes
  4660 | D:4      | Reached skill level 1 in Invocations
  4660 | D:4      | Reached XP level 6. HP: 35/48 MP: 5/7
  4948 | D:5      | Entered Level 5 of the Dungeon
  4962 | D:5      | Reached *** piety under Uskayaw
  5054 | D:5      | Noticed a sky beast
  5067 | D:5      | Killed a sky beast
  5199 | D:5      | Reached XP level 7. HP: 53/55 MP: 2/8
  5389 | D:5      | Noticed Edmund
  5410 | D:5      | Killed Edmund
  5476 | D:5      | Noticed Prince Ribbit
  5490 | D:5      | Killed Prince Ribbit
  5490 | D:5      | Reached skill level 5 in Axes
  5549 | D:5      | Reached XP level 8. HP: 55/61 MP: 10/10
  5555 | D:5      | Reached skill level 5 in Fighting
  5651 | D:5      | Gained mutation: You are resistant to electric shocks. (rElec) [potion of mutation]
  5651 | D:5      | Gained mutation: Your flesh is cold resistant. (rC+) [potion of mutation]
  5651 | D:5      | HP: 2/62 [poisoned by a killer bee]
  5971 | D:5      | Found a glowing silver altar of Zin.
  6073 | D:5      | Reached **** piety under Uskayaw
  6136 | D:5      | Found a staircase to the Ecumenical Temple.
  6229 | D:6      | Reached skill level 6 in Axes
  6386 | D:6      | Found an ancient bone altar of Kikubaaqudgha.
  6394 | D:6      | Reached skill level 5 in Shields
  6689 | D:6      | Reached skill level 5 in Armour
  7142 | D:7      | Reached skill level 5 in Invocations
  7247 | D:7      | Gained mutation: You regenerate a little health from kills. [demonic ancestry]
  7247 | D:7      | Reached XP level 9. HP: 67/69 MP: 12/12
  7454 | D:7      | Found Ulaggeam's Weapon Emporium.
  7604 | D:7      | Noticed Menkaure
  7612 | D:7      | Killed Menkaure
  7771 | D:7      | Found a deep blue altar of Sif Muna.
  7854 | D:8      | Reached skill level 7 in Axes
  7860 | D:8      | Reached ***** piety under Uskayaw
  7910 | D:8      | Found a sacrificial altar of Ru.
  8437 | D:9      | Noticed Pikel
  8454 | D:9      | Killed Pikel
  8467 | D:9      | Reached skill level 8 in Axes
  8533 | D:9      | Found a stormy altar of Qazlal.
  8534 | D:9      | Noticed a two-headed ogre
  8544 | D:9      | Killed a two-headed ogre
  8544 | D:9      | Gained mutation: You may emit foul miasma when damaged in melee. [demonic ancestry]
  8544 | D:9      | Reached XP level 10. HP: 72/77 MP: 15/15
  8927 | D:9      | Noticed Maurice
  8935 | D:9      | Paralysed by Maurice for 4 turns
  8949 | D:9      | Killed Maurice
  9028 | D:9      | Found a sparkling altar of Nemelex Xobeh.
  9192 | D:10     | Entered Level 10 of the Dungeon
  9196 | D:10     | Noticed Psyche
  9211 | D:10     | Reached skill level 9 in Axes
  9227 | D:10     | Killed an unseen horror
  9451 | D:10     | Found a staircase to the Orcish Mines.
  9816 | D:10     | Found a portal to a secret trove of treasure.
 10471 | D:10     | Killed Psyche
 10652 | D:10     | Gained mutation: You regenerate health from kills. [demonic ancestry]
 10652 | D:10     | Reached XP level 11. HP: 86/86 MP: 17/17
 11020 | D:11     | Reached ****** piety under Uskayaw
 11164 | D:11     | Noticed a death yak
 11165 | D:11     | Found a staircase to the Lair.
 11165 | D:11     | Noticed Erolcha
 11166 | D:11     | Noticed a death yak
 11167 | D:11     | Noticed a death yak
 11178 | D:11     | Killed Erolcha
 11178 | D:11     | Reached skill level 10 in Axes
 11180 | D:11     | Killed a death yak
 11180 | D:11     | Killed a death yak
 11334 | D:11     | Killed a death yak
 11505 | D:11     | Reached skill level 10 in Invocations
 11973 | D:12     | Reached XP level 12. HP: 94/94 MP: 19/19
 11990 | D:12     | Reached skill level 11 in Axes
 12030 | D:12     | Found Plog's Distillery.
 12034 | D:12     | Bought a potion of heal wounds for 70 gold pieces
 12034 | D:12     | Bought a potion of agility for 56 gold pieces
 12034 | D:12     | Bought a potion of berserk rage for 70 gold pieces
 12034 | D:12     | Bought a potion of curing for 42 gold pieces
 12459 | D:12     | Noticed a frost giant
 12485 | D:12     | Killed a frost giant
 12506 | D:12     | Noticed a fire giant
 12506 | D:12     | Noticed an ettin
 13233 | Lair:1   | Entered Level 1 of the Lair of Beasts
 13241 | Lair:1   | Noticed Sonja
 13257 | Lair:1   | Noticed Gildeon's ghost (journeyman MiFi)
 13261 | Lair:1   | Noticed an eight-headed hydra
 13398 | Lair:2   | Noticed a seven-headed hydra
 13606 | Lair:1   | Killed an eight-headed hydra
 13942 | Lair:1   | Killed Sonja
 14031 | Lair:1   | Killed Gildeon's ghost
 14738 | Lair:2   | Got an ancient hand axe
 14739 | Lair:2   | Identified the +5 hand axe "Ohujeann" {speed, rPois rF+ rC+ MP+9} (You found it on level 2 of the Lair of Beasts)
 14803 | Lair:2   | Reached skill level 12 in Axes
 14984 | Lair:2   | Gained mutation: You are partially covered in yellow scales. (AC +2) [demonic ancestry]
 14984 | Lair:2   | Reached XP level 13. HP: 103/103 MP: 21/21
 15659 | Lair:3   | Reached skill level 10 in Fighting
 16047 | Lair:3   | Found a hole to the Spider Nest.
 16858 | Lair:4   | Found a staircase to the Swamp.
 17742 | Lair:5   | Got a shimmering leather armour
 17815 | Lair:5   | Identified the +4 leather armour "Damnable Contraption" {Dex+3} (You found it on level 5 of the Lair of Beasts)
 18139 | Lair:5   | Got a scorched hand crossbow
 18183 | Lair:5   | Reached skill level 13 in Axes
 18233 | Lair:5   | Got a polished whip
 18246 | Lair:5   | Identified the +8 whip "Peptoul" {flame, rN+} (You found it on level 5 of the Lair of Beasts)
 18247 | Lair:5   | Identified the +3 hand crossbow of Wibumo {venom, rC+ MR- Dex+3} (You found it on level 5 of the Lair of Beasts)
 18505 | Lair:6   | Entered Level 6 of the Lair of Beasts
 18505 | Lair:6   | Found a staircase to the Slime Pits.
 18505 | Lair:6   | Found a viscous altar of Jiyva.
 18701 | Lair:6   | Reached skill level 10 in Shields
 18811 | Lair:6   | Reached XP level 14. HP: 103/111 MP: 23/23
 19884 | Lair:6   | Found a runed door.
 20028 | Lair:6   | Got a scorched morningstar
 20547 | D:12     | Noticed Frances
 20577 | D:12     | Killed Frances
 20763 | D:12     | Killed a fire giant
 20763 | D:12     | Reached skill level 14 in Axes
 20780 | D:12     | Identified Ylyowogu's Collected Works on the Destructive Blaze
 21060 | D:13     | Paralysed by a hornet for 2 turns
 21086 | D:13     | Reached skill level 10 in Armour
 21493 | D:13     | Found a gate to the Vaults.
 21692 | D:13     | Identified the +4 morningstar of the Shark {freeze, +Fly rN+ Str+4} (You found it on level 6 of the Lair of Beasts)
 21829 | D:13     | Slain by a shadow wraith

Vault maps used:
D:1:      eino_arrival_tree_alley
D:2:      grunt_dithmenos_smoke, lemuel_crystal_altar,
          kennysheep_generic_room_6, uniq_natasha
D:4:      dancing_weapons_uskayaw, okawaru_altar_gauntlet_db, first_ration
D:5:      minmay_temple_entry_grid, basic_altar, uniq_edmund,
          uniq_prince_ribbit1
D:6:      old_standard_altar
D:7:      lemuel_coloured_pillars_altar, serial_shops,
          nicolae_shop_temple_entry_statues_fountains, uniq_menkaure
D:8:      lemuel_crystal_altar
D:9:      nemelex_altar_shiori, grunt_qazlal_clouds, uniq_maurice, uniq_pikel
D:10:     orc_0_dummy, trove_entry_hex_spiral, uniq_psyche
D:11:     dpeg_lair_monsters, uniq_erolcha
D:12:     minmay_containers, serial_shops, shop, uniq_frances
D:13:     david_vaults_4, uniq_nessos
Lair:1:   portal_ice_cave_demonic_guard, minivault_25, grunt_megastairs_3,
          serial_bayou_shore_a, uniq_sonja
Lair:3:   spider_nest_entry_funnel_web
Lair:4:   swamp_mist_pool, grunt_megastairs_1
Lair:5:   ldierk_geyser
Lair:6:   hangedman_lair_in_review, wormcave, slime_altar_1

Skill      XL: |  1  2  3  4  5  6  7  8  9 10 11 12 13 14 |
---------------+-------------------------------------------+-----
Axes           | 2 3 4 5 6 8 9 10 12 13 14 | 14.2
Armour         | 3 4 5 6 7 8 9 10 | 10.1
Shields        | 3 4 5 6 7 8 9 10 | 10.7
Fighting       | 4 5 6 7 8 9 10 11 | 11.5
Invocations    | 1 2 3 5 7 8 10 11 12 13 | 13.6

Action                   |  1- 3 |  4- 6 |  7- 9 | 10-12 | 13-15 || total
-------------------------+-------+-------+-------+-------+-------++-------
Melee: War axe           |    88 |   205 |   302 |   608 |   722 ||  1925
       Headbutt          |     6 |    41 |    50 |   151 |   208 ||   456
       Flail             |       |       |       |    30 |    17 ||    47
       Whip              |       |       |       |       |    10 ||    10
       Morningstar       |       |       |       |       |    16 ||    16
 Fire: Blowgun           |       |       |       |     3 |       ||     3
Invok: Stomp             |       |     3 |     4 |     4 |     4 ||    15
       Line Pass         |       |       |     3 |     1 |     3 ||     7
Evoke: Wand              |       |       |       |    11 |    15 ||    26
  Use: Scroll            |       |     7 |     2 |    21 |     6 ||    36
       Potion            |       |       |     4 |     7 |     4 ||    15
 Stab: Paralysed         |       |     2 |    33 |    45 |   111 ||   191
       Invisible         |       |       |     1 |     1 |       ||     2
       Distracted        |       |       |       |       |     3 ||     3
       Confused          |       |       |       |       |     1 ||     1
  Eat: Chunk             |     2 |     7 |     9 |    15 |    14 ||    47
       Ration            |       |     1 |     5 |     4 |     4 ||    14
Armor: Scale mail        |    49 |    68 |       |       |       ||   117
       Ring mail         |       |    33 |   166 |   210 |   171 ||   580
       Skin              |       |       |       |    30 |       ||    30
       Leather armour    |       |       |       |       |    89 ||    89
       Chain mail        |       |       |       |       |    15 ||    15
Dodge: Dodged            |    31 |    75 |   104 |   127 |   150 ||   487
Block: Shield            |    51 |   103 |   175 |    55 |       ||   384
       Large shield      |       |       |       |   466 |   641 ||  1107

Table legend:
 A = Spawn XP
 B = Non-spawn XP
 C = Spawn XP percentage of total XP
 D = Spawn monster count
 E = Non-spawn monster count
 F = Spawn count percentage of total count
 G = Total turns spent on level
                    A         B        C        D         E        F      G
               +---------+---------+-------+---------+---------+-------+---------
         Total |       0 |   99820 |   0.0 |       0 |     536 |   0.0 | 21829
               +---------+---------+-------+---------+---------+-------+---------
           D:1 |       0 |      31 |   0.0 |       0 |      15 |   0.0 |  1195
           D:2 |       0 |     157 |   0.0 |       0 |      25 |   0.0 |  1555
           D:3 |       0 |     110 |   0.0 |       0 |      29 |   0.0 |  1117
           D:4 |       0 |     200 |   0.0 |       0 |      11 |   0.0 |  1081
           D:5 |       0 |    1515 |   0.0 |       0 |      27 |   0.0 |  1251
           D:6 |       0 |     489 |   0.0 |       0 |      31 |   0.0 |   901
           D:7 |       0 |     958 |   0.0 |       0 |      15 |   0.0 |   744
           D:8 |       0 |     760 |   0.0 |       0 |      25 |   0.0 |   573
           D:9 |       0 |    3697 |   0.0 |       0 |      30 |   0.0 |   775
          D:10 |       0 |    4008 |   0.0 |       0 |      31 |   0.0 |  1897
          D:11 |       0 |    9461 |   0.0 |       0 |      53 |   0.0 |   882
          D:12 |       0 |   12421 |   0.0 |       0 |      34 |   0.0 |  2031
          D:13 |       0 |    8027 |   0.0 |       0 |      36 |   0.0 |   558
        Lair:1 |       0 |    6069 |   0.0 |       0 |      17 |   0.0 |  1393
        Lair:2 |       0 |    5516 |   0.0 |       0 |      21 |   0.0 |  1037
        Lair:3 |       0 |    7788 |   0.0 |       0 |      27 |   0.0 |  1213
        Lair:4 |       0 |    4092 |   0.0 |       0 |      15 |   0.0 |   774
        Lair:5 |       0 |    6012 |   0.0 |       0 |      20 |   0.0 |   983
        Lair:6 |       0 |   28509 |   0.0 |       0 |      74 |   0.0 |  1869
               +---------+---------+-------+---------+---------+-------+---------
